 Dungeon Crawl Stone Soup version 0.23.0-38-g208d714 (webtiles) character file.

Game seed: 13895411509040228372

7316 doot the Thaumaturge (level 10, -11/52 HPs)
             Began as a Deep Elf Summoner on Feb 28, 2019.
             Was a High Priest of Sif Muna.
             Mangled by a torpor snail (14 damage)
             ... in a Gauntlet.
             The game lasted 00:50:39 (12825 turns).

doot the Thaumaturge (Deep Elf Summoner)           Turns: 12825, Time: 00:50:40

Health: -11/52     AC: 12    Str:  5    XL:     10   Next: 90%
Magic:  1/28       EV: 14    Int: 24    God:    Sif Muna [*****.]
Gold:   510        SH:  0    Dex: 15    Spells: 10/33 levels left

rFire    . . .     SeeInvis .   D - +4 quarterstaff (chaos)
rCold    . . .     Gourm    .   (shield currently unavailable)
rNeg     . . .     Faith    .   s - +2 robe {MR+}
rPois    .         Spirit   .   K - +2 helmet
rElec    .         Reflect  .   z - +0 cloak
rCorr    .         Harm     .   B - +2 pair of gloves
MR       +++..     NoTele   +   n - +0 pair of boots
Stlth    +++.......             b - amulet of regeneration
HPRegen  0.57/turn              I - ring of protection from magic
MPRegen  0.21/turn              (no ring)

@: very slightly contaminated, slowed, no casting, very slow
A: no striking features
a: Stop Divine Energy, Channel Magic, Forget Spell, Renounce Religion


You were in a Gauntlet.
You worshipped Sif Muna.
Sif Muna was extremely pleased with you.
You were not hungry.

You visited 4 branches of the dungeon, and saw 14 of its levels.
You also visited: Gauntlet.

You collected 510 gold pieces.

Inventory:

Hand Weapons
 D - a +4 quarterstaff of chaos (weapon)
 L - the +0 rapier of Luog {freeze, +Blink Str+6 Int-2}
   (You found it on level 9 of the Dungeon)

   It has been specially enchanted to freeze those struck by it, causing extra
   injury to most foes and up to half again as much damage against particularly
   susceptible opponents.
   It can also slow down cold-blooded creatures.
   It affects your strength (+6).
   It affects your intelligence (-2).
   It lets you blink.
Missiles
 F - 4 throwing nets (quivered)
Armour
 i - a +2 hat
 n - a +0 pair of boots (worn)
 o - a +0 buckler
 s - a +2 robe of magic resistance (worn)
 z - a +0 cloak (worn)
 B - a +2 pair of gloves (worn)
 K - a +2 helmet (worn)
Jewellery
 b - an amulet of regeneration (around neck)
 I - a ring of protection from magic (left hand)
Wands
 q - a wand of digging (6)
 A - a wand of clouds (8)
 H - a wand of paralysis (8)
 N - a wand of acid (16)
Scrolls
 h - 8 scrolls of remove curse
 j - 5 scrolls of teleportation
 l - a scroll of brand weapon {unknown}
 m - 2 scrolls of amnesia
 u - a scroll of enchant armour
 v - a scroll of magic mapping
 w - a scroll of immolation {unknown}
 J - 6 scrolls of identify
 M - 2 scrolls of noise {unknown}
 O - a scroll of enchant weapon {unknown}
Potions
 f - 3 potions of agility
 g - 3 potions of flight
 r - 6 potions of curing
 t - 3 potions of berserk rage
 x - a potion of brilliance
 C - 2 potions of invisibility
 E - a potion of might
 G - a potion of ambrosia
 P - a potion of cancellation {unknown}
 Q - a potion of resistance
Comestibles
 c - 26 rations


   Skills:
 + Level 1.1 Fighting
 + Level 0.1 Short Blades
 + Level 5.0 Staves
 + Level 4.1 Dodging
 + Level 6.4 Stealth
 + Level 12.2 Spellcasting
 * Level 5.6 Conjurations
 + Level 10.2 Summonings
 + Level 4.4 Ice Magic
 + Level 3.9 Air Magic
 + Level 0.4 Poison Magic


You had 10 spell levels left.
You knew the following spells:

 Your Spells              Type           Power        Failure   Level  Hunger
a - Lightning Bolt        Conj/Air       #####.....   16%         5    ###....
b - Call Imp              Summ           ######..     1%          2    None
c - Call Canine Familiar  Summ           ######..     1%          3    None
d - Summon Ice Beast      Ice/Summ       #####...     1%          4    None
e - Summon Lightning Spi  Summ/Air       #####...     2%          4    None
f - Venom Bolt            Conj/Pois      ####......   32%         5    ###....

Your spell library contained the following spells:

 Spells                   Type           Power        Failure   Level  Hunger
 Magic Dart               Conj           ####         1%          1    None
 Shock                    Conj/Air       ####         1%          1    None
 Summon Small Mammal      Summ           ####         1%          1    None
 Searing Ray              Conj           #####.       1%          2    None
 Static Discharge         Conj/Air       #####...     1%          3    None
 Summon Guardian Golem    Hex/Summ       #####...     1%          3    None
 Poisonous Vapours        Pois/Air       ####..       2%          2    None
 Swiftness                Chrm/Air       ###.....     2%          2    None
 Mephitic Cloud           Conj/Pois/Air  ####....     3%          3    None
 Conjure Flame            Conj/Fire      ####....     4%          3    None
 Dazzling Spray           Conj/Hex       ####..       4%          3    None
 Iskenderun's Mystic Bla  Conj           #####...     4%          4    None
 Airstrike                Air            ####......   9%          4    None
 Force Lance              Conj/Tloc      ####....     13%         4    None
 Fulminant Prism          Conj/Hex       ####......   13%         4    None
 Ice Form                 Ice/Tmut       ####....     17%         4    None
 Iskenderun's Battlesphe  Conj/Chrm      ####....     36%         5    ###....
 Metabolic Englaciation   Hex/Ice        ####......   43%         5    ###....
 Bolt of Magma            Conj/Fire/Erth ###.......   47%         5    ###....
 Bolt of Cold             Conj/Ice       #####.....   63%         6    #####..
 Freezing Cloud           Conj/Ice/Air   #####.....   67%         6    #####..
 Ozocubu's Refrigeration  Ice            #####.....   71%         6    #####..
 Spellforged Servitor     Conj/Summ      ######....   80%         7    ######.
 Iron Shot                Conj/Erth      ####......   90%         6    #####..
 Simulacrum               Ice/Necr       ####......   95%         6    #####..
 Orb of Destruction       Conj           #####.....   98%         7    ######.
 Ring of Flames           Chrm/Fire      ##........   100%        7    ######.


Dungeon Overview and Level Annotations

Branches:
Dungeon (11/15)            Temple (1/1) D:4            Lair (1/6) D:9
    Orc (1/2) D:11

Altars:
Ashenzari
Cheibriados
Dithmenos
Elyvilon
Fedhas
Gozag
Hepliaklqana
Kikubaaqudgha
Makhleb
Nemelex Xobeh
Okawaru
Qazlal
Ru
Sif Muna
Trog
Uskayaw
Vehumet
Wu Jian
Xom
Yredelemnul
Zin
The Shining One

Shops:
D:10 !

Annotations:
D:10 2 transporters Gauntlet 11 transporters, 23 runed translucent doors


Message History

The seven-headed hydra bites your lightning spire.
Your lightning spire is destroyed!
Something barely misses you.
Casting: Summon Lightning Spire (safe; 2% risk of failure)
Confirm with . or Enter, or press ? or * to list all spells.
Aiming: Lightning Bolt (slightly dangerous; 16% risk of failure)
Press: ? - help, Shift-Dir - straight line, f - seven-headed hydra
Aim: a seven-headed hydra (almost dead)
You hear a mighty clap of thunder!
The bolt of lightning misses the seven-headed hydra.
Sif Muna grants you divine energy.
You briefly lose access to your magic!
The seven-headed hydra bites you but does no damage.
The seven-headed hydra bites you. The seven-headed hydra misses you.
The seven-headed hydra bites you!
The seven-headed hydra bites you but does no damage.
The seven-headed hydra bites you! x2
* * * LOW HITPOINT WARNING * * *
Something bites you!
You die...

##...#.##.##..######.#+###.#
#§.∩.#.#.##..#.#...#......^#
##...###..###.##...#########
#§...###########............
##.....................8....
##.8.....8.....8...........
#≈...............##########
##...#########...#..+..+.52
#≈...##.##@{##...#..+..+..5
##...#.#.D##.#####++#++##.?
#≈...#.#.#.#!#...#..+...+..
##.8©##.#©.#©#©8©#©.#...+.©
#≈...#.##.#.=#...#..+...+.?
##§..##..##.?#####++#++##.[
#≈§..#.##..###...#..+..+...
##...#########...#..+..+...
#≈...............### ######


You could see a seven-headed hydra.

Vanquished Creatures
  A hungry ghost (D:9)
  A warg (D:9)
  3 orc warriors
  A phantom (D:7)
  An ogre (D:11)
  A big kobold (D:11)
  A scorpion (D:10)
  2 killer bees (D:10)
  A jelly (D:9)
  2 crimson imps
  3 orc wizards
  2 worker ants
  A hound skeleton (D:4)
  A mummy (D:7)
  2 gnolls (D:4)
  2 leopard geckos
  13 orcs
  A giant cockroach (D:1)
  7 goblins
  5 hobgoblins (D:6)
  11 kobolds
  3 quokkas
  A bat (D:1)
  A frilled lizard (D:2)
  A leopard gecko zombie (D:5)
  A rat (D:2)
69 creatures vanquished.

Vanquished Creatures (collateral kills)
  A hydra (D:11)
  Harold (D:11)
  An unseen horror (D:11)
  2 trolls
  3 hippogriffs
  A spriggan (D:11)
  3 wraiths
  6 yaks (Lair:1)
  3 wyverns
  A warg (D:9)
  2 water moccasins
  3 ice beasts
  8 orc warriors
  A porcupine (Lair:1)
  3 sky beasts
  An eye of draining (D:9)
  3 necrophages
  5 ogres
  5 centaurs
  6 big kobolds
  2 crocodiles
  5 bullfrogs
  3 gnoll sergeants (D:11)
  A wyvern zombie (D:11)
  A scorpion (D:6)
  10 killer bees
  7 wights
  3 howler monkeys (D:7)
  A troll skeleton (D:7)
  5 crimson imps
  2 centaur zombies
  2 human zombies (D:7)
  A quasit (D:9)
  A jelly (D:10)
  Crazy Yiuf (D:6)
  2 centaur skeletons
  10 orc priests
  A hound (D:5)
  4 bullfrog skeletons
  3 iguanas
  2 human skeletons (D:7)
  14 orc wizards
  6 worker ants
  A killer bee zombie (D:10)
  A worker ant zombie (D:9)
  8 gnolls
  9 adders
  A shadow imp (D:11)
  2 oozes
  A worm (D:3)
  2 dart slugs (D:3)
  A leopard gecko (D:2)
  39 orcs
  3 bats
  2 giant cockroaches
  5 goblins
  3 hobgoblins
  8 jackals
  3 quokkas
  A frilled lizard (D:2)
  21 kobolds
  7 rats
264 creatures vanquished.

Vanquished Creatures (others)
  2 demonic plants (Gauntlet)
  2 plants (D:4)
4 creatures vanquished.

Grand Total: 337 creatures vanquished

Notes
Turn   | Place    | Note
-------+----------+-------------------------------------------
     0 | D:1      | doot the Deep Elf Summoner began the quest for the Orb.
     0 | D:1      | Reached XP level 1. HP: 10/10 MP: 6/6
   407 | D:1      | Reached XP level 2. HP: 15/15 MP: 2/8
   463 | D:2      | Learned a level 2 spell: Call Imp
   631 | D:2      | Found a faded altar of an unknown god.
   964 | D:3      | Reached skill level 5 in Summonings
   964 | D:3      | Reached XP level 3. HP: 19/19 MP: 6/10
   969 | D:3      | Learned a level 3 spell: Call Canine Familiar
   986 | D:3      | Reached skill level 4 in Spellcasting
  1175 | D:4      | Reached XP level 4. HP: 24/24 MP: 0/12
  1254 | D:4      | Learned a level 4 spell: Summon Ice Beast
  1374 | D:4      | Noticed an ice beast
  1405 | D:4      | Killed an ice beast
  1405 | D:4      | Reached skill level 5 in Spellcasting
  1405 | D:4      | Reached XP level 5. HP: 28/28 MP: 5/14
  1639 | D:4      | Found a staircase to the Ecumenical Temple.
  1648 | Temple   | Entered the Ecumenical Temple
  1693 | Temple   | Became a worshipper of Sif Muna the Loreminder
  3242 | D:4      | Reached skill level 6 in Spellcasting
  3242 | D:4      | Reached XP level 6. HP: 29/32 MP: 13/17
  3248 | D:4      | Learned a level 4 spell: Summon Lightning Spire
  3835 | D:5      | Entered Level 5 of the Dungeon
  4500 | D:5      | Reached * piety under Sif Muna
  4500 | D:5      | Reached skill level 7 in Spellcasting
  4500 | D:5      | Reached XP level 7. HP: 36/36 MP: 11/19
  4798 | D:6      | Found a runed translucent door.
  4799 | D:6      | Noticed Crazy Yiuf
  5013 | D:6      | Killed Crazy Yiuf
  5085 | D:6      | Reached skill level 1 in Air Magic
  5250 | D:6      | Reached skill level 8 in Spellcasting
  5807 | D:6      | Learned a level 5 spell: Lightning Bolt
  6028 | D:7      | Reached ** piety under Sif Muna
  6036 | D:7      | Reached skill level 1 in Staves
  6111 | D:7      | Reached XP level 8. HP: 37/41 MP: 16/22
  6295 | D:7      | Found a basalt altar of Yredelemnul.
  6328 | D:7      | Reached skill level 5 in Stealth
  6456 | D:7      | Reached skill level 1 in Fighting
  6456 | D:7      | Reached skill level 1 in Ice Magic
  7209 | D:8      | Reached skill level 9 in Spellcasting
  7266 | D:8      | Noticed a hippogriff
  7283 | D:8      | Killed a hippogriff
  7288 | D:8      | Reached skill level 1 in Conjurations
  7425 | D:8      | Reached XP level 9. HP: 43/47 MP: 24/24
  7711 | D:9      | Noticed a troll
  7735 | D:9      | Killed a troll
  8006 | D:9      | Reached *** piety under Sif Muna
  8151 | D:9      | Got a warped rapier
  8152 | D:9      | Identified the cursed +0 rapier of Luog {freeze, +Blink
                  | Str+6 Int-2} (You found it on level 9 of the Dungeon)
  8724 | D:9      | Found a staircase to the Lair.
  8728 | D:9      | Reached skill level 10 in Spellcasting
  8910 | D:9      | Learned a level 5 spell: Venom Bolt
  9242 | D:10     | Entered Level 10 of the Dungeon
  9685 | D:10     | Reached XP level 10. HP: 41/52 MP: 0/26
  9881 | D:10     | Reached **** piety under Sif Muna
  9881 | D:10     | Reached skill level 11 in Spellcasting
 10091 | D:10     | Found Fahufon's Distillery.
 10111 | D:10     | Found a transporter.
 10148 | D:10     | Noticed a two-headed ogre
 10167 | D:10     | Found a transporter.
 10936 | D:11     | Killed an unseen horror
 11052 | D:11     | Found a staircase to the Orcish Mines.
 11280 | D:11     | Noticed Harold
 11297 | D:11     | Killed Harold
 11297 | D:11     | Reached ***** piety under Sif Muna
 11297 | D:11     | Reached skill level 5 in Conjurations
 11419 | D:11     | Noticed a seven-headed hydra
 11426 | D:11     | Killed a seven-headed hydra
 11426 | D:11     | Received a gift from Sif Muna
 11658 | D:11     | Reached skill level 10 in Summonings
 11844 | D:11     | Reached skill level 12 in Spellcasting
 12077 | Orc:1    | Entered Level 1 of the Orcish Mines
 12105 | Orc:1    | Noticed an orc warlord
 12279 | Lair:1   | Entered Level 1 of the Lair of Beasts
 12314 | Lair:1   | Found a gate leading to a gauntlet.
 12343 | Lair:1   | Reached skill level 5 in Staves
 12470 | Gauntlet | Entered a Gauntlet
 12470 | Gauntlet | Found a transporter.
 12473 | Gauntlet | Found a transporter.
 12476 | Gauntlet | Noticed a hell beast
 12477 | Gauntlet | Found a transporter.
 12477 | Gauntlet | Found a transporter.
 12480 | Gauntlet | Found a transporter.
 12481 | Gauntlet | Found a transporter.
 12485 | Gauntlet | Found a runed translucent door.
 12486 | Gauntlet | Found a runed translucent door.
 12487 | Gauntlet | Noticed an elephant
 12513 | Gauntlet | Found a transporter.
 12513 | Gauntlet | Noticed a torpor snail
 12515 | Gauntlet | Found a transporter.
 12518 | Gauntlet | Found a transporter.
 12520 | Gauntlet | Found a large runed translucent door.
 12521 | Gauntlet | Found a large runed translucent door.
 12522 | Gauntlet | Found a large runed translucent door.
 12522 | Gauntlet | Found a large runed translucent door.
 12522 | Gauntlet | Found a runed translucent door.
 12522 | Gauntlet | Found a runed translucent door.
 12523 | Gauntlet | Found a large runed translucent door.
 12523 | Gauntlet | Found a large runed translucent door.
 12523 | Gauntlet | Noticed a seven-headed hydra
 12524 | Gauntlet | Found a large runed translucent door.
 12524 | Gauntlet | Found a large runed translucent door.
 12524 | Gauntlet | Found a large runed translucent door.
 12539 | Gauntlet | Found a large runed translucent door.
 12540 | Gauntlet | Found a large runed translucent door.
 12540 | Gauntlet | Found a large runed translucent door.
 12542 | Gauntlet | Found a large runed translucent door.
 12542 | Gauntlet | Found a large runed translucent door.
 12542 | Gauntlet | Noticed an elephant
 12543 | Gauntlet | Found a runed translucent gate.
 12543 | Gauntlet | Found a runed translucent gate.
 12543 | Gauntlet | Found a runed translucent gate.
 12544 | Gauntlet | Found a transporter.
 12544 | Gauntlet | Noticed a reaper
 12545 | Gauntlet | Found a transporter.
 12549 | Gauntlet | Noticed an elephant
 12551 | Gauntlet | Noticed a dire elephant
 12555 | Gauntlet | Found a large runed translucent door.
 12556 | Gauntlet | Found a large runed translucent door.
 12575 | Gauntlet | Noticed a wizard
 12577 | Gauntlet | Noticed a wizard
 12578 | Gauntlet | Found a transporter.
 12601 | Gauntlet | Found the ring of the Octopus King
 12606 | Gauntlet | Noticed a thrashing horror
 12825 | Gauntlet | Mangled by a torpor snail

Skill      XL: |  1  2  3  4  5  6  7  8  9 10 |
---------------+-------------------------------+-----
Summonings     | 5 6 7 8 9 10 | 10.2
Spellcasting   | 4 5 6 7 8 9 10 12 | 12.2
Stealth        | 3 4 5 6 |  6.4
Air Magic      | 1 2 3 |  3.9
Dodging        | 3 4 |  4.1
Staves         | 1 3 4 5 |  5.0
Fighting       | 1 |  1.1
Ice Magic      | 2 4 |  4.4
Conjurations   | 1 4 5 |  5.6
Short Blades   | |  0.1
Poison Magic   | |  0.4

Action                   |  1- 3 |  4- 6 |  7- 9 | 10-12 || total
-------------------------+-------+-------+-------+-------++-------
Melee: Dagger            |    11 |    44 |     1 |       ||    56
       Quarterstaff      |       |       |   123 |    48 ||   171
 Cast: Summon Small Mamm |    28 |       |       |       ||    28
       Call Imp          |    23 |     8 |     1 |       ||    32
       Call Canine Famil |     4 |    29 |    28 |    18 ||    79
       Summon Ice Beast  |       |    10 |    30 |    17 ||    57
       Summon Lightning  |       |     2 |    31 |    19 ||    52
       Lightning Bolt    |       |       |     8 |     3 ||    11
       Venom Bolt        |       |       |       |     7 ||     7
Invok: Divine Energy     |       |       |     1 |       ||     1
  Use: Scroll            |       |     7 |     2 |    11 ||    20
       Potion            |       |       |       |     1 ||     1
 Stab: Distracted        |     2 |       |     1 |     1 ||     4
       Sleeping          |       |    10 |    14 |     2 ||    26
       Confused          |       |       |     1 |       ||     1
       Fleeing           |       |       |       |     1 ||     1
  Eat: Chunk             |     1 |    13 |    14 |    10 ||    38
       Ration            |       |       |     2 |     1 ||     3
Armor: Robe              |    18 |    17 |    60 |    26 ||   121
Dodge: Dodged            |    35 |    29 |   112 |    46 ||   222
